 Dungeon Crawl Stone Soup version 0.23.0 (webtiles) character file.

Game seed: 16098114043973426239

373 Trogdor the Ducker (level 6, -3/32 HPs)
             Began as a Spriggan Monk on Feb 24, 2019.
             Was a Priest of Ru.
             Slain by an orc priest
             ... wielding a +0 flail
              (8 damage)
             ... on level 4 of the Dungeon.
             The game lasted 00:20:58 (5681 turns).

Trogdor the Ducker (Spriggan Monk)                  Turns: 5681, Time: 00:20:59

Health: -3/32      AC:  2    Str:  7 (9)  XL:     6   Next: 43%
Magic:  7/7        EV: 22    Int: 12      God:    Ru [***...]
Gold:   181        SH:  0    Dex: 17 (18) Spells: 1/5 levels left

rFire    x . .     SeeInvis +   a - +0 falchion
rCold    x . .     Gourm    .   (shield restricted)
rNeg     . . .     Faith    .   b - +0 robe
rPois    .         Spirit   .   (helmet restricted)
rElec    .         Reflect  .   (no cloak)
rCorr    .         Harm     +   (gloves unavailable)
MR       +....                  (boots unavailable)
Stlth    ++........             k - amulet of harm
HPRegen  0.10/turn              (no ring)
MPRegen  0.10/turn              (no ring)

@: lightly drained, very quick
A: very small, unfitting armour, see invisible, herbivore, speed 3, slow
metabolism 2, temperature sensitive
a: Draw Out Power, Renounce Religion


You were on level 4 of the Dungeon.
You worshipped Ru.
Ru was most pleased with you.
You were near starving.

You visited 1 branch of the dungeon, and saw 4 of its levels.

You collected 181 gold pieces.

Inventory:

Hand Weapons
 a - a +0 falchion (weapon)
 l - a +2 dagger of protection
Armour
 b - a +0 robe (worn)
Jewellery
 k - an amulet of harm (around neck)
Scrolls
 d - a scroll of amnesia {unknown}
 e - a scroll of magic mapping {unknown}
 f - a scroll of enchant armour {unknown}
 g - a scroll of enchant weapon {unknown}
 h - a scroll of remove curse
 i - a scroll of identify
 m - a scroll of fear {unknown}
Potions
 j - a potion of heal wounds
Comestibles
 c - 4 rations


   Skills:
 - Level 2.4(2.0) Fighting
 + Level 5.2(4.8) Long Blades
 + Level 6.6(6.2) Dodging
 - Level 3.5(3.1) Stealth


You had one spell level left.
You knew the following spells:

 Your Spells              Type           Power        Failure   Level  Hunger
a - Blink                 Tloc           N/A          45%         2    ###....
b - Slow                  Hex            #.......     45%         2    ###....

Your spell library contained the following spells:

 Spells                   Type           Power        Failure   Level  Hunger
 Magic Dart               Conj           #...         32%         1    ##.....
 Call Imp                 Summ           #.......     45%         2    ###....
 Conjure Flame            Conj/Fire      #.......     69%         3    ####...
 Mephitic Cloud           Conj/Pois/Air  #.......     69%         3    ####...


Dungeon Overview and Level Annotations

Branches:
Dungeon (4/15)
 Temple: D:4-7

Altars:
Fedhas
Nemelex Xobeh
Qazlal
Ru


Innate Abilities, Weirdness & Mutations

You are very small and have problems with some larger weapons.
You are too small for most types of armour.
You have supernaturally acute eyesight. (SInv)
You are a herbivore.
You cover ground extremely quickly.
You need to consume almost no food.
You are sensitive to extremes of temperature. (rF-, rC-)


Message History

The orc priest is heavily wounded.
The orc misses you.
The orc priest hits you with a +0 flail.
You hit the orc priest.
The orc priest is heavily wounded.
The orc completely misses you. The orc priest closely misses you.
You riposte.
You hit the orc priest but do no damage.
The orc priest is heavily wounded.
You hit the orc priest.
The orc priest is almost dead.
The orc hits you from afar with a +0 trident.
You focus your will and blind the orc in retribution!
The orc priest hits you with a +0 flail!
* * * LOW HITPOINT WARNING * * *
You're too exhausted to draw out your power.
You hit the orc priest but do no damage.
The orc priest is almost dead.
You feel less exhausted.
The orc priest hits you with a +0 flail!
You die...

#######
####.......
## ##
#..........
... .
#.##.####..
....## #o#
..# ......
#.# #S#
....$. #o#
.. ...#.
##@# #.o
#..# #.#
#..# .#
#.## #.#
#.# #.# #.#
#.#


You could see an orc priest and an orc (blind).

Vanquished Creatures
  2 orc wizards
  3 worker ants
  Terence (D:2)
  4 gnolls (D:3)
  8 adders
  An adder skeleton (D:4)
  3 worms
  3 dart slugs
  A leopard gecko (D:3)
  8 orcs
  3 ball pythons
  7 giant cockroaches
  9 goblins
  11 hobgoblins
  A quokka (D:2)
  5 bats
  4 frilled lizards
  6 kobolds
  6 rats
86 creatures vanquished.

Vanquished Creatures (others)
  An adder (D:3)
1 creature vanquished.

Grand Total: 87 creatures vanquished

Notes
Turn   | Place    | Note
-------+----------+-------------------------------------------
     0 | D:1      | Trogdor the Spriggan Monk began the quest for the Orb.
     0 | D:1      | Reached XP level 1. HP: 11/11 MP: 2/2
   351 | D:1      | Reached XP level 2. HP: 16/16 MP: 3/3
   393 | D:1      | Reached skill level 5 in Dodging
   644 | D:1      | Reached XP level 3. HP: 11/19 MP: 4/4
   913 | D:2      | Found a stormy altar of Qazlal.
   956 | D:2      | Found a sacrificial altar of Ru.
  1243 | D:2      | Reached XP level 4. HP: 23/23 MP: 5/5
  1255 | D:2      | Noticed Terence
  1269 | D:2      | Found a faded altar of an unknown god.
  2521 | D:2      | Found a blossoming altar of Fedhas.
  2653 | D:2      | Became a worshipper of Ru the Awakened
  2662 | D:2      | Gained mutation: You are sensitive to extremes of
                  | temperature. (rF-, rC-) [Ru sacrifice]
  2662 | D:2      | Reached * piety under Ru
  2662 | D:2      | Reached ** piety under Ru
  2662 | D:2      | Reached *** piety under Ru
  2719 | D:2      | Killed Terence
  2719 | D:2      | Reached XP level 5. HP: 16/27 MP: 6/6
  3372 | D:3      | Reached skill level 6 in Dodging
  4480 | D:3      | Reached XP level 6. HP: 14/32 MP: 7/7
  4872 | D:3      | Reached skill level 5 in Long Blades
  5075 | D:3      | Found a sparkling altar of Nemelex Xobeh.
  5581 | D:4      | Learned a level 2 spell: Blink
  5584 | D:4      | Learned a level 2 spell: Slow
  5681 | D:4      | Slain by an orc priest

Skill      XL: |  1  2  3  4  5  6 |
---------------+-------------------+-----
Dodging        | 5 6 |  6.6
Long Blades    | 3 4 5 |  5.2
Fighting       | |  2.4
Stealth        | |  3.5

Action                   |  1- 3 |  4- 6 || total
-------------------------+-------+-------++-------
Melee: Falchion          |   124 |   365 ||   489
       Dagger            |       |     2 ||     2
Invok: Draw Out Power    |       |     3 ||     3
       Sacrifice Resista |       |     1 ||     1
  Use: Potion            |       |     2 ||     2
       Scroll            |       |     2 ||     2
 Stab: Sleeping          |     6 |    12 ||    18
       Invisible         |       |    10 ||    10
       Distracted        |       |     3 ||     3
  Eat: Ration            |       |     1 ||     1
Armor: Robe              |    12 |    12 ||    24
Dodge: Dodged            |   104 |   295 ||   399
       Rpst.: Falchion   |    34 |    81 ||   115
